 Dungeon Crawl Stone Soup version 0.31-a0-728-g01b46875f1 (webtiles) character file.

Game seed: 15390067202169855176

56 LeprechaunX the Changeling (level 3, 0/24 HPs)
             Began as an Octopode Shapeshifter on Sept 11, 2023.
             Fell down a flight of stairs (1 damage)
             ... on level 3 of the Dungeon.
             The game lasted 00:01:34 (1541 turns).

LeprechaunX the Changeling (Octopode Shapeshifter)  Turns: 1541, Time: 00:01:35

Health: 0/24       AC:  1    Str: 15    XL:     3   Next: 97%
Magic:  3/3        EV: 13    Int: 12    God:
Gold:   148        SH:  0    Dex: 11    Spells: 2/2 levels left

rFire   . .          .
                       - Unarmed
rCold   . . .        (no shield)
rNeg    . . .        (helmet currently unavailable)
rPois   .            f - amulet of reflection
rElec   .            (no ring)
rCorr   .            (no ring)
SInv    .            (no ring)
Will    .....        (no ring)
Stlth   ++           (no ring)
HPRegen 0.24/turn    (no ring)
MPRegen 0.08/turn    (no ring)
                     (no ring)

%: reflection
@: confused, beast-form
A: beast (slay +2), almost no armour, amphibious, 8 rings, camouflage 1,
gelatinous body 1, (nimble swimmer 1), tentacles
a: Begin Untransformation


You were on level 3 of the Dungeon.
You were a hulking beast.
You visited 1 branch of the dungeon, and saw 3 of its levels.

You collected 148 gold pieces.

Inventory:

Armour
 i - a +0 tower shield
Jewellery
 f - an amulet of reflection (around mantle)
Talismans
 b - a beast talisman (active)
 c - a flux talisman
Scrolls
 e - a scroll of fear {unknown}
 g - 2 scrolls of identify {unknown}
 k - a scroll of immolation {unknown}
Potions
 a - a potion of lignification
 d - 3 potions of might {unknown}
 h - a potion of haste {unknown}
 j - a potion of curing {unknown}


   Skills:
 + Level 1.8 Fighting
 + Level 2.5 Dodging
 + Level 0.1 Shields
 + Level 3.3 Unarmed Combat
 * Level 3.6 Shapeshifting


You had 2 spell levels left.
You didn't know any spells.
Your spell library contained the following spells:

 Spells                   Type           Power      Damage    Failure   Level
 Summon Small Mammal      Summ           0%         N/A       32%         1
 Call Canine Familiar     Summ           0%         N/A       69%         3
 Summon Guardian Golem    Hex/Summ       0%         N/A       69%         3


Dungeon Overview and Level Annotations

Branches:
Dungeon (3/15)

Altars:


Innate Abilities, Weirdness & Mutations

You are a hulking beast.
Your limbs bulge with bestial killing power. (Slay +2)
You cannot wear most types of armour.
You are amphibious.
You can wear up to eight rings at the same time.
Your skin changes colour to match your surroundings (Stealth+).
Your rubbery body absorbs attacks. (AC +1, EV +1)
((You are camouflaged when in or above water. (Stealth+)))
You have tentacles for arms and can constrict up to eight enemies at once.


Message History

No target in view!
No target in view!
No target in view!
No target in view!
No target in view!
No target in view!
No target in view!
No target in view!
You open the door.
There is an open door here.
There is an open door here.
Done exploring.
Done exploring.
Done exploring.
Done exploring.
Done exploring.
No target in view!
Search for what [? for help]? .
Unknown command.
There is an open door here.
There is a stone staircase leading down here.
You climb downwards.
There is a stone staircase leading up here.
There are monsters nearby!
The adder hisses angrily.
The orc priest shouts!
The orc wizard shouts!
The orc wizard gestures at you while chanting.
You are confused.
The orc priest invokes the aid of Beogh against you.
Pain shoots through your body!
Ouch! That really hurt!
The orc priest invokes the aid of Beogh against you.
Pain shoots through your body!
* * * LOW HITPOINT WARNING * * *
In your confused state, you trip and fall back down the stairs.
* * * LOW HITPOINT WARNING * * *
Unknown command.
The orc shouts!
The orc completely misses you. The rat barely misses you.
In your confused state, you trip and fall back down the stairs.
You die...

## # .# .#
....# .#.# ...
########.##.#
.......h....#
#####.Sor......
#..o......#
#........##
#..o.....#
#..o.....#
#..o.....#
#........#


You could see an orc priest, an orc wizard, an adder, 3 orcs and a rat.

Vanquished Creatures
  An adder (D:2)
  2 dart slugs (D:1)
  5 bats
  2 endoplasms (D:1)
  3 giant cockroaches
  3 goblins
  3 hobgoblins
  6 kobolds
  4 quokkas
  2 ball pythons (D:1)
  6 frilled lizards
  5 rats
42 creatures vanquished.

Notes
Turn   | Place    | Note
-------+----------+-------------------------------------------
     0 | D:1      | LeprechaunX the Octopode Shapeshifter began the quest for
                  | the Orb.
     0 | D:1      | Reached XP level 1. HP: 13/13 MP: 1/1
   110 | D:1      | Reached XP level 2. HP: 16/18 MP: 2/2
   286 | D:1      | Reached XP level 3. HP: 20/23 MP: 3/3
   607 | D:2      | Found a faded altar of an unknown god.
  1539 | D:3      | HP: 1/24 [fell downstairs (1)]
  1541 | D:3      | Fell down a flight of stairs

Illustrated notes

Levels and vault maps discovered:
D:1:      minmay_arrival_jagged, layout_rooms, st_stairs_6
D:2:      layout_basic, chequers_ecumenical_altar_twisty
D:3:      layout_basic, hellmonk_ghost_happy_afterlife, st_stairs_14,
          minmay_fountain_box

Action                     || total
---------------------------++-------
  Melee: Unarmed           ||    82
         Constrict         ||    19
         Tentacles         ||    13
         Punch             ||     1
   Stab: Sleeping          ||     6
 Armour: Skin              ||    30
  Dodge: Dodged            ||    36
  Block: Other             ||    10
         Reflection        ||     1

Table legend: (Time is in decaauts)
 A = Elapsed time spent in this place.
 B = Non-inter-level travel time spent in this place.
 C = Inter-level travel time spent in this place.
 D = Time resting spent in this place.
 E = Time spent auto-exploring this place.
 F = Levels seen in this place.
 G = Mean time per level.
                   A        B        C        D        E       F      G
               +--------+--------+--------+--------+--------+-----+--------+
         Total |   1535 |   1473 |     62 |      0 |   1194 |   3 |  511.7 |
       Dungeon |   1535 |   1473 |     62 |      0 |   1194 |   3 |  511.7 |
               +--------+--------+--------+--------+--------+-----+--------+

Top non-repeatable levels by time:
     D:2: 935 daAuts
     D:1: 595 daAuts
     D:3: 4 daAuts
